 Dungeon Crawl Stone Soup version 0.31-a0-466-g98c9adc2b6 (webtiles) character file.

Game seed: 8667744725612667185

586 LeprechaunX the Ruffian (level 7, -1/46 HPs)
             Began as an Octopode Shapeshifter on Aug 6, 2023.
             Was a Follower of Cheibriados.
             Slain by a gnoll
             ... wielding a +0 club
              (6 damage)
             ... on level 5 of the Dungeon.
             The game lasted 00:03:34 (3495 turns).

LeprechaunX the Ruffian (Octopode Shapeshifter)     Turns: 3495, Time: 00:03:35

Health: -1/46      AC:  1    Str: 18    XL:     7   Next: 37%
Magic:  8/8        EV: 14    Int: 13    God:    Cheibriados [*.....]
Gold:   186        SH:  0    Dex: 14    Spells: 6/6 levels left

rFire   . .          .
                       - Unarmed
rCold   . . .        (no shield)
rNeg    . . .        (helmet currently unavailable)
rPois   .            q - amulet of magic regeneration
rElec   .            p - ring of willpower
rCorr   .            (no ring)
SInv    .            (no ring)
Will    +....        (no ring)
Stlth   ++           (no ring)
HPRegen 0.27/turn    (no ring)
MPRegen 0.51/turn    (no ring)
                     (no ring)

%: no passive effects
@: beast-form, very slow
A: beast (slay +2), almost no armour, amphibious, 8 rings, camouflage 1,
gelatinous body 1, (nimble swimmer 1), tentacles
a: Begin Untransformation, Renounce Religion, Bend Time


You were on level 5 of the Dungeon.
You worshipped Cheibriados.
Cheibriados was aware of your devotion.
You were a hulking beast.
You visited 1 branch of the dungeon, and saw 5 of its levels.

You collected 186 gold pieces.

Inventory:

Hand Weapons
 v - a +0 orcbow
Jewellery
 p - a ring of willpower (left tentacle)
 q - an amulet of magic regeneration (around mantle)
Talismans
 b - a beast talisman (active)
Wands
 w - a wand of acid (5)
Scrolls
 c - 2 scrolls of fog {unknown}
 d - 3 scrolls of revelation {unknown}
 e - a scroll of noise {unknown}
 h - 3 scrolls of identify {unknown}
 j - 2 scrolls of enchant armour {unknown}
 m - a scroll of immolation {unknown}
 s - a scroll of teleportation {unknown}
 x - a scroll of silence {unknown}
Potions
 a - a potion of lignification
 f - 4 potions of curing {unknown}
 g - 3 potions of resistance {unknown}
 i - a potion of heal wounds {unknown}
 k - 2 potions of might {unknown}
 l - a potion of attraction {unknown}
 n - 2 potions of haste {unknown}
 o - a potion of mutation {unknown}
 r - 2 potions of degeneration {unknown}
 t - a potion of enlightenment {unknown}
 u - a potion of magic {unknown}


   Skills:
 + Level 3.6 Fighting
 + Level 3.9 Dodging
 + Level 4.6 Unarmed Combat
 + Level 2.6 Invocations
 + Level 4.2 Shapeshifting


You had 6 spell levels left.
You didn't know any spells.
Your spell library contained the following spells:

 Spells                   Type           Power      Damage    Failure   Level
 Apportation              Tloc           0%         N/A       30%         1
 Freeze                   Ice            0%         1d3       30%         1
 Lesser Beckoning         Tloc           0%         N/A       43%         2
 Frozen Ramparts          Ice            0%         1d1       67%         3
 Gell's Gravitas          Tloc           0%         N/A       67%         3
 Hailstorm                Conj/Ice       0%         3d3       67%         3
 Teleport Other           Tloc           0%         N/A       67%         3
 Alistair's Intoxication  Tmut/Pois      0%         N/A       100%        5


Dungeon Overview and Level Annotations

Branches:
Dungeon (5/15)
 Temple: D:4-7

Altars:
Cheibriados
Gozag


Innate Abilities, Weirdness & Mutations

You are a hulking beast.
Your limbs bulge with bestial killing power. (Slay +2)
You cannot wear most types of armour.
You are amphibious.
You can wear up to eight rings at the same time.
Your skin changes colour to match your surroundings (Stealth+).
Your rubbery body absorbs attacks. (AC +1, EV +1)
((You are camouflaged when in or above water. (Stealth+)))
You have tentacles for arms and can constrict up to eight enemies at once.


Message History

You now have 178 gold pieces (gained 10).
You now have 186 gold pieces (gained 8).
You open the door.
There is an open door here.
There is an open door here.
An orc comes into view. It is wielding a +0 club.
An orc is nearby!
An orc is nearby!
No target in view!
No target in view!
A gnoll comes into view. It is wielding a +0 flail.
Found a leather armour.
The gnoll shouts!
A gnoll comes into view. It is wielding a +0 club.
A gnoll comes into view. It is wielding a +0 spear.
A gnoll comes into view.
It is wielding a +1 whip of electrocution.
The gnoll shouts!
You tentacle-slap the gnoll. You grab the gnoll.
The gnoll is moderately wounded.
You constrict the gnoll. The gnoll completely misses you.
You tentacle-slap the gnoll. You squeeze the gnoll.
You kill the gnoll!
Cheibriados appreciates the change of pace.
Found 4 poisoned darts.
The gnoll closely misses you. The gnoll hits you with a +0 club.
The gnoll barely misses you. The gnoll closely misses you.
The gnoll hits you with a +1 whip of electrocution.
You are electrocuted!
You tentacle-slap the gnoll. Your grab misses the gnoll. You squeeze the gnoll!
You kill the gnoll!
Cheibriados appreciates the change of pace.
The gnoll barely misses you.
The gnoll hits you with a +1 whip of electrocution!
You are electrocuted!
* * * LOW HITPOINT WARNING * * *
You tentacle-slap the gnoll. You grab the gnoll.
The gnoll is moderately wounded.
You constrict the gnoll. The gnoll misses you.
The gnoll hits you with a +0 club.
You die...

#####.....#####..#.....#
#.....## #..#.######
#......# ####.#.....
#.)....#######'#.####
#).......##......# #
#.....##..'......# #
#.....#####......####
####.....### #......#...
#......h)..# ####'#...##
#.....)gg..# ##'#.....
#..........# #.......#
#..........# #....#...
#.......[..# #....#.##
#..........# ##+#'#+#
#..........# ...
#.....(....# .... #.....


You could see 2 gnolls.

Vanquished Creatures
  A centaur (D:5)
  A phantom (D:5)
  2 scorpions (D:4)
  2 hounds
  An iguana (D:4)
  Ijyb (D:5)
  An orc wizard (D:5)
  7 gnolls
  4 adders
  A dart slug (D:2)
  6 orcs
  3 endoplasms
  6 giant cockroaches
  5 goblins
  4 hobgoblins
  6 quokkas
  8 ball pythons
  5 bats
  4 frilled lizards
  8 kobolds
  4 rats
80 creatures vanquished.

Notes
Turn   | Place    | Note
-------+----------+-------------------------------------------
     0 | D:1      | LeprechaunX the Octopode Shapeshifter began the quest for
                  | the Orb.
     0 | D:1      | Reached XP level 1. HP: 13/13 MP: 1/1
    91 | D:1      | Reached XP level 2. HP: 10/18 MP: 2/2
   293 | D:1      | Reached XP level 3. HP: 19/23 MP: 3/3
   494 | D:2      | Reached XP level 4. HP: 11/29 MP: 4/4
  2084 | D:3      | Reached XP level 5. HP: 33/35 MP: 5/5
  2259 | D:3      | Found a large runed translucent door.
  2260 | D:3      | Found a large runed translucent door.
  2358 | D:3      | Found an opulent altar of Gozag.
  2379 | D:3      | Found a snail-covered altar of Cheibriados.
  2385 | D:3      | Became a worshipper of Cheibriados the Contemplative
  2517 | D:4      | Reached skill level 1 in Invocations
  2699 | D:4      | Reached XP level 6. HP: 30/42 MP: 5/7
  3109 | D:5      | Entered Level 5 of the Dungeon
  3128 | D:5      | Noticed Ijyb
  3145 | D:5      | Killed Ijyb
  3219 | D:5      | Reached XP level 7. HP: 25/46 MP: 8/8
  3219 | D:5      | Reached * piety under Cheibriados
  3495 | D:5      | Slain by a gnoll

Illustrated notes

Levels and vault maps discovered:
D:1:      dpeg_arrival_solitude, layout_rooms
D:2:      layout_basic, serial_curves, eino_curves_01, eino_curves_01,
          eino_curves_04, eino_curves_03
D:3:      layout_basic, jmf_multi_god_temple2
D:4:      layout_basic
D:5:      layout_basic, uniq_ijyb

Skill      XL: |  1  2  3  4  5  6 |
---------------+-------------------+-----
Fighting       | 2 3 |  3.6
Dodging        | 3 |  3.9
Invocations    | 1 2 |  2.6
Unarmed Combat | 4 |  4.6
Shapeshifting  | 4 |  4.2

Action                     |  1- 3 |  4- 6 |  7- 9 || total
---------------------------+-------+-------+-------++-------
  Melee: Unarmed           |    42 |    90 |    21 ||   153
         Constrict         |    16 |    27 |     5 ||    48
         Tentacles         |    15 |    15 |     5 ||    35
         Punch             |       |     2 |     2 ||     4
   Stab: Sleeping          |     4 |     7 |       ||    11
         Distracted        |       |     1 |       ||     1
 Armour: Skin              |     1 |     3 |     1 ||     5
  Dodge: Dodged            |    20 |    45 |    15 ||    80

Table legend: (Time is in decaauts)
 A = Elapsed time spent in this place.
 B = Non-inter-level travel time spent in this place.
 C = Inter-level travel time spent in this place.
 D = Time resting spent in this place.
 E = Time spent auto-exploring this place.
 F = Levels seen in this place.
 G = Mean time per level.
                   A        B        C        D        E       F      G
               +--------+--------+--------+--------+--------+-----+--------+
         Total |   3643 |   3527 |    116 |    335 |   2691 |   5 |  728.6 |
       Dungeon |   3643 |   3527 |    116 |    335 |   2691 |   5 |  728.6 |
               +--------+--------+--------+--------+--------+-----+--------+

Top non-repeatable levels by time:
     D:2: 1119 daAuts
     D:3: 860 daAuts
     D:4: 792 daAuts
     D:1: 438 daAuts
     D:5: 431 daAuts
